 Dungeon Crawl Stone Soup version 0.27-a0-1301-g128193abf8 (webtiles) character file.

Game seed: 18049346784853997951

400 pokeman the Magician (level 6, -1/34 HPs)
             Began as a Deep Elf Hedge Wizard on June 17, 2021.
             Killed from afar by an orc wizard (13 damage)
             ... with a puff of flame
             ... on level 4 of the Dungeon.
             The game lasted 00:05:56 (4824 turns).

pokeman the Magician (Deep Elf Hedge Wizard)        Turns: 4824, Time: 00:05:56

Health: -1/34      AC:  3    Str:  7    XL:     6   Next: 54%
Magic:  7/18       EV: 12    Int: 21    God:
Gold:   169        SH:  0    Dex: 14    Spells: 8/19 levels left

rFire    . . .     SeeInvis .   j - +2 whip (venom)
rCold    . . .     Faith    .   (no shield)
rNeg     . . .     Spirit   .   s - +0 leather armour
rPois    +         Reflect  .   c - +0 hat
rElec    .         Harm     .   (no cloak)
rCorr    .         Rampage  .   (no gloves)
Will     .....                  (no boots)
Stlth    ++........             (no amulet)
HPRegen  0.11/turn              p - ring of poison resistance
MPRegen  0.16/turn              (no ring)

@: very slightly contaminated
A: no striking features
a: no special abilities


You were on level 4 of the Dungeon.
You visited 1 branch of the dungeon, and saw 4 of its levels.

You collected 169 gold pieces.

Inventory:

Hand Weapons
 j - a +2 whip of venom (weapon)
 r - a +0 shortbow
Missiles
 d - 44 arrows
 h - 30 bolts
Armour
 c - a +0 hat (worn)
 s - a +0 leather armour (worn)
Jewellery
 p - a ring of poison resistance (left hand)
Scrolls
 a - a scroll of blinking {unknown}
 g - 3 scrolls of teleportation {unknown}
 i - a scroll of summoning {unknown}
 k - 2 scrolls of amnesia {unknown}
 l - 2 scrolls of identify {unknown}
 m - 2 scrolls of enchant armour {unknown}
 n - a scroll of fear {unknown}
 q - a scroll of enchant weapon {unknown}
Potions
 b - a potion of cancellation {unknown}
 e - 3 potions of curing {unknown}
 f - a potion of mutation {unknown}
 o - a potion of might {unknown}
 t - a potion of attraction {unknown}


   Skills:
 + Level 1.3 Fighting
 - Level 1.0 Armour
 - Level 3.2 Dodging
 - Level 3.0 Stealth
 * Level 7.1 Spellcasting
 + Level 3.3 Conjurations
 - Level 1.1 Summonings
 - Level 1.1 Translocations
 + Level 1.2 Fire Magic
 - Level 1.4 Air Magic
 - Level 1.0 Poison Magic


You had 8 spell levels left.
You knew the following spells:

 Your Spells              Type           Power      Damage    Failure   Level
a - Magic Dart            Conj           84%        1d7       3%          1
b - Mephitic Cloud        Conj/Pois/Air  15%        N/A       17%         3
c - Call Imp              Summ           12%        N/A       12%         2
d - Blink                 Tloc           N/A        N/A       12%         2
e - Conjure Flame         Conj/Fire      17%        6-21      16%         3

Your spell library contained the following spells:

 Spells                   Type           Power      Damage    Failure   Level
 Slow                     Hex            7%         N/A       19%         2


Dungeon Overview and Level Annotations

Branches:
Dungeon (4/15)
 Temple: D:4-7

Altars:
Dithmenos
Okawaru
Ru


Message History

You hit the orc priest but do no damage.
The orc priest is poisoned.
The orc priest is lightly wounded.
Something hits you.
The orc priest is engulfed in noxious fumes.
The orc priest appears confused.
Something barely misses the endoplasm.
Unknown command.
The endoplasm freezes you.
You are frozen.
Something hits you.
The orc priest closely misses the kobold.
Found a +0 short sword.
There is an open door, spattered with blood here.
You hit the orc priest.
The orc priest looks as sick as possible!
The orc priest is heavily wounded.
The endoplasm misses you. Something hits you. The endoplasm barely misses you.
You hit the endoplasm.
The endoplasm is heavily wounded.
Something hits you.
The orc priest hits you with a +0 flail.
The endoplasm hits you.
You hit the orc priest.
You kill the orc priest!
Something hits you but does no damage.
The kobold says, "I'm a little confused."
The endoplasm jiggles.
The endoplasm hits you but does no damage.
You hear some strange, mumbled words.
A puff of flame appears from out of thin air!
The puff of flame hits you.
Your Poison Magic skill increases to level 1!
Something hits you but does no damage.
Items here: ( )) †.
Unknown command.
You hit the endoplasm.
You kill the endoplasm!
You hear some strange, mumbled words.
A puff of flame appears from out of thin air!
The puff of flame hits you!
You die...

#.....####.# #...#.....#
#.....'..#.# ##'##.....#
#.....##.#.#####.##.#.#.#
########.#.......##.....#
#.##########.....# ## #.#
#.#.#.# ... #.# #.....#
.... #.# #.....#
.....###@# #.#.#.#
..K...)#)# #.....#
.......'{# #.....#
.......### #####.#.#.#
....... #...#..)..#
....... #...#.....#
....... #..........
.....## ####....### .....
#....#


There were no monsters in sight!

Vanquished Creatures
  An ogre (D:4)
  A jelly (D:4)
  4 orc priests (D:4)
  A centaur skeleton (D:4)
  An orc wizard (D:4)
  A gnoll (D:1)
  3 adders
  A worm (D:2)
  2 dart slugs (D:2)
  17 orcs
  2 bats
  7 endoplasms
  2 giant cockroaches
  7 hobgoblins
  2 jackals (D:3)
  4 quokkas
  2 ball pythons (D:3)
  7 goblins
  10 kobolds
  5 rats
80 creatures vanquished.

Notes
Turn   | Place    | Note
-------+----------+-------------------------------------------
     0 | D:1      | pokeman the Deep Elf Hedge Wizard began the quest for the
                  | Orb.
     0 | D:1      | Reached XP level 1. HP: 10/10 MP: 7/7
   167 | D:1      | Found a faded altar of an unknown god.
   450 | D:1      | Reached XP level 2. HP: 15/15 MP: 6/9
   790 | D:1      | Reached skill level 5 in Spellcasting
  1401 | D:2      | Reached XP level 3. HP: 20/20 MP: 5/11
  1405 | D:2      | Learned a level 3 spell: Mephitic Cloud
  1408 | D:2      | Learned a level 2 spell: Call Imp
  1411 | D:2      | Learned a level 2 spell: Blink
  1415 | D:2      | Learned a level 3 spell: Conjure Flame
  1864 | D:2      | Reached skill level 1 in Armour
  2079 | D:2      | Reached skill level 1 in Fighting
  2779 | D:3      | Reached XP level 4. HP: 20/25 MP: 3/13
  2851 | D:3      | Found an iron altar of Okawaru.
  2851 | D:3      | Found a sacrificial altar of Ru.
  3342 | D:4      | Reached skill level 1 in Fire Magic
  3486 | D:4      | Noticed an ogre
  3494 | D:4      | Killed an ogre
  3495 | D:4      | Reached skill level 6 in Spellcasting
  3495 | D:4      | Reached XP level 5. HP: 29/29 MP: 4/15
  3626 | D:4      | Reached skill level 1 in Air Magic
  3925 | D:4      | Found a shadowy altar of Dithmenos.
  4392 | D:4      | Reached XP level 6. HP: 20/34 MP: 7/17
  4816 | D:4      | Reached skill level 7 in Spellcasting
  4822 | D:4      | Reached skill level 1 in Poison Magic
  4824 | D:4      | Killed from afar by an orc wizard

Illustrated notes

Levels and vault maps discovered:
D:1:      dpeg_arrival_another_circle, layout_basic,
          ebering_ecumenical_altar_abandoned
D:2:      layout_basic
D:3:      layout_basic, jmf_multi_god_temple
D:4:      layout_basic, nicolae_dithmenos_through_a_glass_darkly,
          columned_hall_lemuel

Skill      XL: |  1  2  3  4  5  6 |
---------------+-------------------+-----
Spellcasting   | 5 6 7 |  7.1
Armour         | 1 |  1.0
Fighting       | 1 |  1.3
Conjurations   | 2 3 |  3.3
Fire Magic     | 1 |  1.2
Dodging        | 3 |  3.2
Air Magic      | 1 |  1.4
Stealth        | 3 |  3.0
Poison Magic   | 1 |  1.0
Summonings     | |  1.1
Translocations | |  1.1

Action                   |  1- 3 |  4- 6 || total
-------------------------+-------+-------++-------
Melee: Whip              |     2 |    25 ||    27
 Cast: Magic Dart        |   116 |    88 ||   204
       Mephitic Cloud    |       |     7 ||     7
       Conjure Flame     |       |     1 ||     1
 Stab: Confused          |       |     3 ||     3
Armor: Robe              |     2 |     4 ||     6
       Leather armour    |       |     4 ||     4
Dodge: Dodged            |    19 |    24 ||    43

Table legend: (Time is in decaauts)
 A = Elapsed time spent in this place.
 B = Non-inter-level travel time spent in this place.
 C = Inter-level travel time spent in this place.
 D = Time resting spent in this place.
 E = Time spent auto-exploring this place.
 F = Levels seen in this place.
 G = Mean time per level.
                   A        B        C        D        E       F      G
               +--------+--------+--------+--------+--------+-----+--------+
         Total |   4824 |   4734 |     90 |     90 |   4228 |   4 | 1206.0 |
       Dungeon |   4824 |   4734 |     90 |     90 |   4228 |   4 | 1206.0 |
               +--------+--------+--------+--------+--------+-----+--------+

Top non-repeatable levels by time:
     D:4: 1516 daAuts
     D:1: 1386 daAuts
     D:3: 1079 daAuts
     D:2: 843 daAuts
